 Dungeon Crawl Stone Soup version 0.28.0-45-g0d030f2227 (webtiles) character file.

Game seed: 5400871530056350580

518 Eitelfritz the Chopper (level 7, -2/60 HPs)
             Began as a Hill Orc Fighter on Apr 10, 2022.
             Killed from afar by a gnoll (6 damage)
             ... with a bolt of acid
             ... on level 4 of the Dungeon.
             The game lasted 00:05:15 (3987 turns).

Eitelfritz the Chopper (Hill Orc Fighter)           Turns: 3987, Time: 00:05:15

Health: -2/60      AC: 10    Str: 27    XL:     7   Next: 21%
Magic:  7/7        EV: 10    Int:  8    God:
Gold:   151        SH:  4    Dex: 10    Spells: 6/6 levels left

rFire   . . .      SeeInvis .   a - +0 war axe (venom)
rCold   . . .      Faith    .   c - +0 buckler
rNeg    . . .      Spirit   .   b - +0 scale mail
rPois   .          Reflect  .   (no helmet)
rElec   .          Harm     .   n - +2 cloak {Will+}
rCorr   .          Rampage  .   (no gloves)
Will    +....                   (no boots)
Stlth   ..........              (no amulet)
HPRegen 0.20/turn               d - +6 ring of strength
MPRegen 0.10/turn               (no ring)

@: lethally poisoned (-2 -> -8), hasted, very quick
A: no striking features
a: no special abilities


You were on level 4 of the Dungeon.
You visited 1 branch of the dungeon, and saw 4 of its levels.

You collected 151 gold pieces.

Inventory:

Hand Weapons
 a - a +0 war axe of venom (weapon)
 o - a +0 war axe
Armour
 b - a +0 scale mail (worn)
 c - a +0 buckler (worn)
 n - a +2 cloak of willpower (worn)
Jewellery
 d - a +6 ring of strength (left hand)
Wands
 g - a wand of acid (13)
Scrolls
 e - 4 scrolls of teleportation {unknown}
 f - 4 scrolls of identify {unknown}
 h - a scroll of amnesia {unknown}
 i - a scroll of summoning {unknown}
 j - a scroll of torment {unknown}
 k - a scroll of enchant armour {unknown}
Potions
 m - a potion of lignification {unknown}


   Skills:
 + Level 4.5 Fighting
 + Level 6.5 Axes
 + Level 5.4 Armour
 + Level 1.9 Dodging
 + Level 0.7 Stealth
 + Level 3.8 Shields


You had 6 spell levels left.
You didn't know any spells.
Your spell library contained the following spells:

 Spells                   Type           Power      Damage    Failure   Level
 Animate Skeleton         Necr           0%         N/A       77%         1
 Pain                     Necr           0%         1d4       77%         1
 Vampiric Draining        Necr           0%         2d6       98%         3


Dungeon Overview and Level Annotations

Branches:
Dungeon (4/15)             Temple (0/1) D:4

Altars:

Shops:
D:4 *


Message History

The orc priest is severely wounded.
The orc priest begins to cast a cantrip, but forgets the words!
The orc misses you.
The orc priest shouts, "Surrender to Beogh and we'll let you live!"
You slash the orc priest!
You kill the orc priest!
The orc hits you but does no damage. The scorpion barely misses you.
You have reached level 7!
You closely miss the scorpion. You block the orc's attack.
The scorpion stings you.
You are poisoned.
The scorpion poisons you! The orc barely misses you.
You slash the scorpion!
The scorpion is poisoned.
The scorpion is severely wounded.
You feel very sick. The scorpion stings you.
You are more poisoned.
The scorpion poisons you! The orc hits you but does no damage.
The scorpion stings you but does no damage.
You completely miss the scorpion.
The scorpion is almost dead.
You feel very sick.
You kill the scorpion!
The orc barely misses you.
You closely miss the gnoll.
You feel very sick. The gnoll barely misses you.
The orc hits you from afar with a +0 trident!
* * * LOW HITPOINT WARNING * * *
Unknown command.
You barely miss the gnoll.
* * * LOW HITPOINT WARNING * * *
You feel very sick. The gnoll barely misses you. The orc closely misses you.
The gnoll barely misses you.
It was a potion of haste.
You feel yourself speed up.
* * * LOW HITPOINT WARNING * * *
You feel sick. The orc hits you but does no damage.
The gnoll zaps a wand.
The bolt of acid hits you.
You die...

# #.#.## #...#
....#
#..###.####.#.#
.###.# #.#
##.......# #.
.#
##.###.####..##
# .# #.#.##
.... ##.## #..#
##..# .#..#
##.#.###o....#
#.###.@gh.....
##.#.###g....#
##(.# .....
#..# ...# #..#
..# #..# .#
#..# . #..#
#..# #..


You could see 2 gnolls, an orc and a jackal.

Vanquished Creatures
  A wyvern (D:4)
  An ice beast (D:3)
  A scorpion (D:4)
  An orc priest (D:4)
  A bullfrog skeleton (D:4)
  Crazy Yiuf (D:2)
  2 gnolls (D:4)
  4 adders
  A white imp (D:4)
  2 worms (D:2)
  2 dart slugs
  3 orcs
  7 ball pythons
  5 bats
  3 endoplasms
  A giant cockroach (D:3)
  8 goblins
  3 hobgoblins
  8 jackals
  A quokka (D:2)
  3 frilled lizards
  2 kobolds
  6 rats
67 creatures vanquished.

Notes
Turn   | Place    | Note
-------+----------+-------------------------------------------
     0 | D:1      | Eitelfritz the Hill Orc Fighter began the quest for the
                  | Orb.
     0 | D:1      | Reached XP level 1. HP: 19/19 MP: 1/1
   162 | D:1      | Reached XP level 2. HP: 27/27 MP: 2/2
  1022 | D:2      | Reached skill level 3 in Axes
  1207 | D:2      | Reached XP level 3. HP: 32/33 MP: 3/3
  1464 | D:2      | Found a runed translucent door.
  1465 | D:2      | Noticed Crazy Yiuf
  1509 | D:2      | Reached skill level 4 in Axes
  1909 | D:3      | Reached XP level 4. HP: 38/40 MP: 4/4
  1914 | D:3      | Noticed an ice beast
  1934 | D:3      | Killed an ice beast
  1935 | D:3      | Reached skill level 5 in Axes
  1935 | D:3      | Reached XP level 5. HP: 25/46 MP: 5/5
  2523 | D:3      | Reached skill level 1 in Dodging
  2995 | D:2      | Killed Crazy Yiuf
  3117 | D:4      | Noticed a wyvern
  3223 | D:4      | Found a staircase to the Ecumenical Temple.
  3256 | D:4      | Reached XP level 6. HP: 32/53 MP: 6/6
  3413 | D:4      | Killed a wyvern
  3414 | D:4      | Reached skill level 6 in Axes
  3774 | D:4      | Reached skill level 5 in Armour
  3874 | D:4      | Identified the +1 ring mail "Aruvaev" {Str+3}
  3913 | D:4      | Found Ixisan's Lightly-Used Armoury.
  3982 | D:4      | Reached XP level 7. HP: 31/60 MP: 7/7
  3987 | D:4      | Killed from afar by a gnoll

Illustrated notes

Levels and vault maps discovered:
D:1:      nicolae_arrival_washed_ashore, layout_basic, hangedman_decor_opposing,
          lemuel_flame_loot_1
D:2:      layout_basic, kennysheep_donut, uniq_crazy_yiuf_cottage
D:3:      minmay_inner_zag, layout_basic
D:4:      layout_loops_ring, minmay_temple_entry_ruins, minmay_shop_damaged,
          minmay_misc_feat_roman, minmay_fractal_squares_gapless_5

Skill      XL: |  1  2  3  4  5  6 |
---------------+-------------------+-----
Fighting       | 4 |  4.5
Axes           | 3 4 5 6 |  6.5
Armour         | 4 5 |  5.4
Dodging        | 1 |  1.9
Stealth        | |  0.7
Shields        | |  3.8

Action                   |  1- 3 |  4- 6 |  7- 9 || total
-------------------------+-------+-------+-------++-------
Melee: War axe           |    79 |   130 |     5 ||   214
  Use: Potion            |       |     1 |     1 ||     2
Armor: Scale mail        |    46 |    65 |     3 ||   114
Dodge: Dodged            |    45 |    80 |     6 ||   131
Block: Buckler           |    19 |    28 |     1 ||    48
